Coyotes vs Penguins (R1)

Created - January 8, 2019 at 19:01

Goals
1 2 3 T
Coyotes 0 1 1 2
Penguins 1 4 1 6
Shots
1 2 3 T
Coyotes 13 15 7 35
Penguins 12 13 6 31

1st period

1. Penguins , Cal Clutterbuck 5 (Dion Phaneuf 16) at 16:18

Penalties :
Martin Samuelsson (Ari) for Hooking (Minor) at 11:02, Greg Zanon (Ari) for Slashing (Minor) at 13:55

2nd period

2. Penguins , Sam Gagner 6 (Dion Phaneuf 17) at 4:02
3. Coyotes , Tyler Ennis 20 (Marian Gaborik 22, Brad Richards 27) at 4:52 (PP)
4. Penguins , Steven Stamkos 25 (Jason Pominville 19, Andrew Cogliano 21) at 7:47
5. Penguins , Steven Stamkos 26 (Paul Ranger 3) at 15:00
6. Penguins , Steven Stamkos 27 (Paul Ranger 4) at 15:06

Penalties :
Jason Pominville (Pit) for Holding (Minor) at 4:35, Loui Eriksson (Pit) for Holding (Minor) at 17:43

3rd period

7. Penguins , Loui Eriksson 11 (Dion Phaneuf 18, Dustin Brown 17) at 1:49 (PP)
8. Coyotes , Ryane Clowe 6 (Brooks Laich 2, Chad Larose 3) at 16:22

Penalties :
Kristopher Letang (Ari) for Hooking (Minor) at 1:12, Greg Zanon (Ari) for High sticking (Double Minor) at 3:38, Dion Phaneuf (Pit) for Roughing (Minor) at 8:29, Kristopher Letang (Ari) for Holding (Minor) at 12:37, Brooks Laich (Ari) for Hooking (Minor) at 19:39

Goalie Stats

Cam Ward (Ari), 5 saves from 5 shots - (1.000), 18:11 minutes
Maxime Daigneault (Ari), 20 saves from 26 shots - (0.769), L, 16-6-0, 41:49 minutes
Josh Tordjman (Pit), 33 saves from 35 shots - (0.943), W, 2-5-1, 60:00 minutes

Players Stats for Coyotes

Player Name              G  A  P  +/- PIM S  H  SB GA TA FO     MP     PP MP  PK MP  
------------------------------------------------------------------------------------
Anton Stralman           0  0  0  -2  0   3  1  3  1  1  0/0    27:39   2:30   5:21 
Brad Richards            0  1  1  -1  0   5  1  0  0  1  17/26  22:53   2:02   5:19 
Brooks Laich             0  1  1  -2  2   1  2  0  0  0  1/6     9:28   0:16   0:00 
Chad Larose              0  1  1  -2  0   2  2  1  0  0  0/0    12:27   0:16   2:58 
Chris Stewart            0  0  0  -1  0   2  0  0  0  0  0/0     7:11   0:00   0:00 
Greg Zanon               0  0  0  -2  6   1  0  0  0  1  0/0    20:04   1:45   2:36 
Josh Gorges              0  0  0  -3  0   2  0  3  0  0  0/0    22:16   1:45   5:32 
Kristopher Letang        0  0  0  -2  4   0  1  2  4  0  0/0    26:41   2:19   5:11 
Marek Svatos             0  0  0   0  0   1  1  2  0  1  0/0    13:55   1:54   0:00 
Marian Gaborik           0  1  1  -1  0   6  1  0  0  0  4/7    22:56   2:05   5:19 
Martin Samuelsson        0  0  0  -1  2   2  1  0  0  0  0/0     9:34   0:00   2:19 
Michael Del Zotto        0  0  0   1  0   1  1  0  0  0  0/0    10:19   0:11   0:00 
Nazem Kadri              0  0  0   0  0   1  1  1  1  0  6/14   13:55   1:54   0:00 
Ryane Clowe              1  0  1  -2  0   1  0  0  0  0  0/0     9:59   0:19   0:27 
Thomas Hickey            0  0  0   0  0   0  0  0  0  1  0/0    13:55   0:00   3:06 
Tyler Ennis              1  0  1  -1  0   6  1  1  1  0  0/2    21:06   2:05   2:42 
Valtteri Filppula        0  0  0  -1  0   0  0  0  0  0  1/3     7:11   0:00   0:00 
Zach Parise              0  0  0   0  0   1  1  0  0  1  0/0    17:32   1:54   2:42 

Players Stats for Penguins

Player Name              G  A  P  +/- PIM S  H  SB GA TA FO     MP     PP MP  PK MP  
------------------------------------------------------------------------------------
Andrew Cogliano          0  1  1   2  0   0  1  1  1  0  0/0    22:42   7:21   0:43 
Cal Clutterbuck          1  0  1   2  0   2  2  0  0  0  0/0    11:25   0:00   1:57 
D.J King                 0  0  0   2  0   2  1  0  0  0  0/0    10:47   0:22   0:49 
Dion Phaneuf             0  3  3   2  2   1  3  2  0  4  0/0    26:07   5:05   1:32 
Duncan Keith             0  0  0   0  0   3  0  3  0  0  0/0    21:52   5:48   0:00 
Dustin Brown             0  1  1   0  0   2  3  0  0  0  0/0    16:14   3:04   0:00 
Eric Gryba               0  0  0   2  0   0  0  1  0  0  0/0    10:59   0:00   1:17 
Jason Pominville         0  1  1   2  2   3  1  0  1  0  0/2    22:53   7:16   0:58 
Keith Aulie              0  0  0   0  0   1  6  2  1  1  0/0    22:43   5:48   0:44 
Loui Eriksson            1  0  1   0  2   8  3  0  0  0  0/0    16:47   3:04   0:02 
Marcus Foligno           0  0  0   0  0   0  1  0  0  0  0/0     7:46   0:00   0:14 
Mika Zibanejad           0  0  0   0  0   0  1  0  0  1  5/12   17:20   3:04   1:11 
Pascal Dupuis            0  0  0   0  0   1  2  0  0  0  0/0     7:32   0:28   0:00 
Paul Ranger              0  2  2   2  0   0  0  0  0  0  0/0    10:27   0:00   1:26 
Riley Sheahan            0  0  0   0  0   1  0  0  0  0  3/6     8:35   0:00   1:20 
Sam Gagner               1  0  1   2  0   1  2  0  1  0  6/7    11:33   0:33   0:33 
Sean Zimmerman           0  0  0   2  0   0  1  1  0  1  0/0    26:35   5:05   2:58 
Steven Stamkos           3  0  3   2  0   6  6  1  2  0  15/31  23:25   7:27   1:16 

3 Stars

1 - Steven Stamkos (Pit)
2 - Dion Phaneuf (Pit)
3 - Cal Clutterbuck (Pit)

Power Play

Coyotes - 1 on 3 Attempt(s) - 33.33%
Penguins - 1 on 7 Attempt(s) - 14.29%

Penalty Kill

Coyotes - 6 on 7 Attempt(s) - 85.71% - Score 0 goal in Penalty Kill
Penguins - 2 on 3 Attempt(s) - 66.67% - Score 0 goal in Penalty Kill

Team Stat

Coyotes - Hits : 14 - Faceoff Wins : 29 - Blocked Shots : 13 - Penalty Minutes : 14
Penguins - Hits : 33 - Faceoff Wins : 29 - Blocked Shots : 11 - Penalty Minutes : 6

Official

Referees : Unknown
Linesman : Unknown

Game Notes

Steven Stamkos has scored a Hat Trick!
Cam Ward enters game at 1:49 of 3rd period

Finance

Level 1 -- Attendance: 6000 (100.00%) -- Ticket Income $492,000
Level 2 -- Attendance: 4769 (95.38%) -- Ticket Income $214,605
Level 3 -- Attendance: 2000 (100.00%) -- Ticket Income $66,000
Level 4 -- Attendance: 3733 (93.33%) -- Ticket Income $93,325
Luxury Box -- Attendance: 1000 (100.00%) -- Ticket Income $160,000
Game was played at the Igloo.
Total Attendance: 17502 (97.23%)
Total Ticket Income: $1,025,930
Other Income: $153,890
Total Income: $1,179,820

Coyotes

5 vs 5 Forward 
   Center                   Left Wing                Right Wing               Time % Phy DF OF 
 1 Brad Richards            Tyler Ennis              Marian Gaborik           40     1   2  2  
 2 Nazem Kadri              Zach Parise              Marek Svatos             30     1   2  2  
 3 Brooks Laich             Ryane Clowe              Chad Larose              20     1   2  2  
 4 Valtteri Filppula        Martin Samuelsson        Chris Stewart            10     1   2  2  

5 vs 5 Defense 
   Defense                  Defense                                           Time % Phy DF OF 
 1 Kristopher Letang        Anton Stralman                                    40     1   2  2  
 2 Josh Gorges              Greg Zanon                                        30     1   2  2  
 3 Michael Del Zotto        Thomas Hickey                                     20     1   2  2  
 4 Kristopher Letang        Anton Stralman                                    10     1   2  2  

PowerPlay Forward 
   Center                   Left Wing                Right Wing               Time % Phy DF OF 
 1 Brad Richards            Tyler Ennis              Marian Gaborik           60     1   2  2  
 2 Nazem Kadri              Zach Parise              Marek Svatos             40     1   2  2  

PowerPlay Defense
   Defense                  Defense                                           Time % Phy DF OF 
 1 Kristopher Letang        Anton Stralman                                    60     1   2  2  
 2 Josh Gorges              Greg Zanon                                        40     1   2  2  

Penalty Kill 4 Players Forward 
   Center                   Wing                     Time % Phy DF OF 
 1 Marian Gaborik           Brad Richards            60     1   2  2  
 2 Tyler Ennis              Zach Parise              40     1   2  2  

Penalty Kill 4 Players Defense
   Defense                  Defense                  Time % Phy DF OF 
 1 Kristopher Letang        Anton Stralman           60     1   2  2  
 2 Josh Gorges              Greg Zanon               40     1   2  2  

Penalty Kill - 3 Players Forward 
   Forward                                           Time % Phy DF OF 
 1 Marian Gaborik                                    60     1   2  2  
 2 Brad Richards                                     40     1   2  2  

Penalty Kill - 3 Players Defense
   Defense                  Defense                  Time % Phy DF OF 
 1 Kristopher Letang        Anton Stralman           60     1   2  2  
 2 Josh Gorges              Greg Zanon               40     1   2  2  

4 vs 4 Forward 
   Center                   Wing                     Time % Phy DF OF 
 1 Marian Gaborik           Brad Richards            60     1   2  2  
 2 Tyler Ennis              Zach Parise              40     1   2  2  

4 vs 4 Defense
   Defense                  Defense                  Time % Phy DF OF 
 1 Kristopher Letang        Anton Stralman           60     1   2  2  
 2 Josh Gorges              Greg Zanon               40     1   2  2  

Last Minutes Offensive
   Center                   Left Wing                Right Wing               Defense                  Defense                  
   Brad Richards            Tyler Ennis              Marian Gaborik           Kristopher Letang        Anton Stralman           

Last Minutes Defensive
   Center                   Left Wing                Right Wing               Defense                  Defense                  
   Brad Richards            Tyler Ennis              Marian Gaborik           Kristopher Letang        Anton Stralman           

Goaltenders
Starting : Maxime Daigneault        
Backup : Cam Ward                 

Extra Forwards
Normal : Ryane Clowe, Brooks Laich, Chad Larose - PP : Ryane Clowe, Brooks Laich - PK : Chad Larose
Extra Defensemen
Normal : Michael Del Zotto, Thomas Hickey, Josh Gorges - PP : Michael Del Zotto - PK : Thomas Hickey, Josh Gorges
Penalty Shots
Marian Gaborik, Brad Richards, Tyler Ennis, Zach Parise, Nazem Kadri

Scratches
None

Penguins

5 vs 5 Forward 
   Center                   Left Wing                Right Wing               Time % Phy DF OF 
 1 Steven Stamkos           Andrew Cogliano          Jason Pominville         40     1   2  2  
 2 Mika Zibanejad           Loui Eriksson            Dustin Brown             30     1   2  2  
 3 Sam Gagner               D.J King                 Cal Clutterbuck          20     1   2  2  
 4 Riley Sheahan            Marcus Foligno           Pascal Dupuis            10     1   2  2  

5 vs 5 Defense 
   Defense                  Defense                                           Time % Phy DF OF 
 1 Dion Phaneuf             Sean Zimmerman                                    44     1   2  2  
 2 Duncan Keith             Keith Aulie                                       33     1   2  2  
 3 Paul Ranger              Eric Gryba                                        23     1   2  2  
 4 Dion Phaneuf             Keith Aulie                                       0      1   2  2  

PowerPlay Forward 
   Center                   Left Wing                Right Wing               Time % Phy DF OF 
 1 Steven Stamkos           Andrew Cogliano          Jason Pominville         60     1   2  2  
 2 Mika Zibanejad           Loui Eriksson            Dustin Brown             40     1   2  2  

PowerPlay Defense
   Defense                  Defense                                           Time % Phy DF OF 
 1 Dion Phaneuf             Sean Zimmerman                                    60     1   2  2  
 2 Duncan Keith             Keith Aulie                                       40     1   2  2  

Penalty Kill 4 Players Forward 
   Center                   Wing                     Time % Phy DF OF 
 1 Steven Stamkos           Jason Pominville         60     1   2  2  
 2 Riley Sheahan            Cal Clutterbuck          40     1   2  2  

Penalty Kill 4 Players Defense
   Defense                  Defense                  Time % Phy DF OF 
 1 Dion Phaneuf             Sean Zimmerman           60     1   2  2  
 2 Keith Aulie              Eric Gryba               40     1   2  2  

Penalty Kill - 3 Players Forward 
   Forward                                           Time % Phy DF OF 
 1 Steven Stamkos                                    60     1   2  2  
 2 Riley Sheahan                                     40     1   2  2  

Penalty Kill - 3 Players Defense
   Defense                  Defense                  Time % Phy DF OF 
 1 Dion Phaneuf             Sean Zimmerman           60     1   2  2  
 2 Keith Aulie              Eric Gryba               40     1   2  2  

4 vs 4 Forward 
   Center                   Wing                     Time % Phy DF OF 
 1 Steven Stamkos           Jason Pominville         60     1   2  2  
 2 Mika Zibanejad           Dustin Brown             40     1   2  2  

4 vs 4 Defense
   Defense                  Defense                  Time % Phy DF OF 
 1 Dion Phaneuf             Sean Zimmerman           60     1   2  2  
 2 Duncan Keith             Keith Aulie              40     1   2  2  

Last Minutes Offensive
   Center                   Left Wing                Right Wing               Defense                  Defense                  
   Steven Stamkos           Andrew Cogliano          Jason Pominville         Dion Phaneuf             Sean Zimmerman           

Last Minutes Defensive
   Center                   Left Wing                Right Wing               Defense                  Defense                  
   Steven Stamkos           Andrew Cogliano          Jason Pominville         Dion Phaneuf             Sean Zimmerman           

Goaltenders
Starting : Josh Tordjman            
Backup : Jacob Markstrom          

Extra Forwards
Normal : Steven Stamkos, Sam Gagner, Marcus Foligno - PP : Steven Stamkos, Sam Gagner - PK : Cal Clutterbuck
Extra Defensemen
Normal : Dion Phaneuf, Keith Aulie, Eric Gryba - PP : Paul Ranger - PK : Sean Zimmerman, Keith Aulie
Penalty Shots
Steven Stamkos, Jason Pominville, Andrew Cogliano, Loui Eriksson, Mika Zibanejad

Scratches
Riley Armstrong (Healthy)

% Time on Ice - Coyotes

Lines # - Real PCT - Wanted PCT - Time Play
Normal Forward
1 - 35% - 40% - 15:32
2 - 29% - 30% - 12:56
3 - 21% - 20% - 9:13
4 - 16% - 10% - 7:11
Normal Defense
1 - 41% - 40% - 18:27
2 - 33% - 30% - 14:59
3 - 21% - 20% - 9:35
4 - 4% - 10% - 1:51
PP Forward
1 - 55% - 60% - 2:21
2 - 45% - 40% - 1:54
PP Defense
1 - 59% - 60% - 2:30
2 - 41% - 40% - 1:45
PK Forward
1 - 75% - 60% - 8:11
2 - 25% - 40% - 2:42
PK Defense
1 - 44% - 60% - 4:48
2 - 56% - 40% - 6:05
PK3 Forward
1 - 0% - 60%
2 - 0% - 40%
PK3 Defense
1 - 0% - 60%
2 - 0% - 40%
44 Forward
1 - 0% - 60%
2 - 0% - 40%
44 Defense
1 - 0% - 60%
2 - 0% - 40%
Last Minute Offensive  - 0:00
Last Minute Defensive  - 0:00
Total
Forward - 60:00
Defense - 60:00

% Time on Ice - Penguins

Lines # - Real PCT - Wanted PCT - Time Play
Normal Forward
1 - 33% - 40% - 14:42
2 - 30% - 30% - 13:40
3 - 21% - 20% - 9:28
4 - 16% - 10% - 7:02
Normal Defense
1 - 43% - 44% - 19:16
2 - 36% - 33% - 16:06
3 - 21% - 23% - 9:30
4 - 0% - 0% - 0:00
PP Forward
1 - 72% - 60% - 7:49
2 - 28% - 40% - 3:04
PP Defense
1 - 47% - 60% - 5:05
2 - 53% - 40% - 5:48
PK Forward
1 - 47% - 60% - 1:59
2 - 53% - 40% - 2:16
PK Defense
1 - 83% - 60% - 3:31
2 - 17% - 40% - 0:44
PK3 Forward
1 - 0% - 60%
2 - 0% - 40%
PK3 Defense
1 - 0% - 60%
2 - 0% - 40%
44 Forward
1 - 0% - 60%
2 - 0% - 40%
44 Defense
1 - 0% - 60%
2 - 0% - 40%
Last Minute Offensive  - 0:00
Last Minute Defensive  - 0:00
Total
Forward - 60:00
Defense - 60:00

Play-by-Play

1st period


0:01 of 1st period - Steven Stamkos wins face-off versus Brad Richards in neutral zone.
0:04 of 1st period - Kristopher Letang is hit by Steven Stamkos and loses puck.
0:11 of 1st period - Snap shot by Jason Pominville.
0:11 of 1st period - Stopped by Maxime Daigneault with a rebound.
0:28 of 1st period - Off-side.
0:29 of 1st period - Brooks Laich wins face-off versus Mika Zibanejad in neutral zone.
0:54 of 1st period - Duncan Keith is hit by Martin Samuelsson and loses puck.
1:10 of 1st period - Snap shot by Dustin Brown.
1:10 of 1st period - Shot Blocked by Josh Gorges.
1:12 of 1st period - Slapshot by Loui Eriksson.
1:12 of 1st period - Stopped by Maxime Daigneault with a rebound.
1:20 of 1st period - Snap shot by Loui Eriksson.
1:20 of 1st period - Stopped by Maxime Daigneault with a rebound.
1:22 of 1st period - Wrist shot by Loui Eriksson.
1:22 of 1st period - Stopped by Maxime Daigneault without a rebound.
1:23 of 1st period - Nazem Kadri wins face-off versus Sam Gagner in Coyotes zone.
2:12 of 1st period - Chad Larose is hit by Keith Aulie and loses puck.
2:19 of 1st period - Snap shot by Chad Larose.
2:19 of 1st period - Shot Blocked by Keith Aulie.
2:21 of 1st period - Slapshot by Thomas Hickey.
2:21 of 1st period - Shot Blocked by Duncan Keith.
2:23 of 1st period - Snap shot by Michael Del Zotto.
2:23 of 1st period - Stopped by Josh Tordjman without a rebound.
2:24 of 1st period - Sam Gagner wins face-off versus Nazem Kadri in Penguins zone.
3:00 of 1st period - Wrist shot by Marian Gaborik.
3:00 of 1st period - Shot Misses the Net.
3:02 of 1st period - Slapshot by Tyler Ennis.
3:02 of 1st period - Shot Misses the Net.
3:04 of 1st period - Slapshot by Brad Richards.
3:04 of 1st period - Stopped by Josh Tordjman without a rebound.
3:05 of 1st period - Mika Zibanejad wins face-off versus Brooks Laich in Penguins zone.
4:45 of 1st period - Brooks Laich is hit by Steven Stamkos and loses puck.
4:58 of 1st period - Marian Gaborik is hit by Dustin Brown and loses puck.
5:03 of 1st period - Snap shot by Loui Eriksson.
5:03 of 1st period - Stopped by Maxime Daigneault with a rebound.
5:05 of 1st period - Slapshot by Dion Phaneuf.
5:05 of 1st period - Shot Blocked by Tyler Ennis.
5:17 of 1st period - Pascal Dupuis is hit by Nazem Kadri.
6:25 of 1st period - Wrist shot by Brad Richards.
6:25 of 1st period - Stopped by Josh Tordjman without a rebound.
6:26 of 1st period - Steven Stamkos wins face-off versus Brad Richards in Penguins zone.
6:33 of 1st period - Brad Richards is hit by Steven Stamkos and loses puck.
6:57 of 1st period - Marek Svatos is hit by Dustin Brown and loses puck.
7:16 of 1st period - Snap shot by Brooks Laich.
7:16 of 1st period - Shot Blocked by Dion Phaneuf.
7:32 of 1st period - Cal Clutterbuck is hit by Marian Gaborik and loses puck.
7:55 of 1st period - Kristopher Letang is hit by Keith Aulie.
8:05 of 1st period - Wrist shot by Chris Stewart.
8:05 of 1st period - Shot Misses the Net.
8:15 of 1st period - Greg Zanon is hit by Keith Aulie and loses puck.
8:24 of 1st period - Snap shot by Loui Eriksson.
8:24 of 1st period - Shot Blocked by Marek Svatos.
8:26 of 1st period - Snap shot by Loui Eriksson.
8:26 of 1st period - Shot Misses the Net.
8:59 of 1st period - Wrist shot by Tyler Ennis.
8:59 of 1st period - Stopped by Josh Tordjman with a rebound.
9:01 of 1st period - Slapshot by Greg Zanon.
9:01 of 1st period - Stopped by Josh Tordjman without a rebound.
9:02 of 1st period - Brad Richards wins face-off versus Mika Zibanejad in Penguins zone.
9:25 of 1st period - Marian Gaborik is hit by Loui Eriksson and loses puck.
9:30 of 1st period - Wrist shot by Loui Eriksson.
9:30 of 1st period - Shot Misses the Net.
9:42 of 1st period - Wrist shot by Dustin Brown.
9:42 of 1st period - Deflect By Loui Eriksson.
9:42 of 1st period - Stopped by Maxime Daigneault with a rebound.
9:56 of 1st period - Wrist shot by Dustin Brown.
9:56 of 1st period - Stopped by Maxime Daigneault with a rebound.
9:58 of 1st period - Slapshot by Dion Phaneuf.
9:58 of 1st period - Stopped by Maxime Daigneault with a rebound.
10:00 of 1st period - Wrist shot by Dustin Brown.
10:00 of 1st period - Stopped by Maxime Daigneault without a rebound.
10:01 of 1st period - Steven Stamkos wins face-off versus Nazem Kadri in Coyotes zone.
10:02 of 1st period - Snap shot by Andrew Cogliano.
10:02 of 1st period - Shot Blocked by Anton Stralman.
10:18 of 1st period - Backhand shot by Zach Parise.
10:18 of 1st period - Shot Blocked by Duncan Keith.
10:51 of 1st period - Icing by Chris Stewart.
10:52 of 1st period - Riley Sheahan wins face-off versus Valtteri Filppula in Coyotes zone.
11:02 of 1st period - Minor Penalty to Martin Samuelsson for Hooking.
11:03 of 1st period - Marian Gaborik wins face-off versus Steven Stamkos in Coyotes zone.
11:11 of 1st period - Kristopher Letang is hit by Steven Stamkos and loses puck.
11:46 of 1st period - Josh Gorges is hit by Dion Phaneuf and loses puck.
12:59 of 1st period - Kristopher Letang is hit by Pascal Dupuis and loses puck.
13:02 of 1st period - Penalty to Martin Samuelsson is over, Martin Samuelsson is back on ice.
13:10 of 1st period - Slapshot by Valtteri Filppula.
13:10 of 1st period - Deflect By Chris Stewart.
13:10 of 1st period - Shot Misses the Net.
13:10 of 1st period - Puck is out of play.
13:11 of 1st period - Sam Gagner wins face-off versus Valtteri Filppula in Penguins zone.
13:20 of 1st period - Slapshot by Chris Stewart.
13:20 of 1st period - Stopped by Josh Tordjman without a rebound.
13:21 of 1st period - Sam Gagner wins face-off versus Brad Richards in Penguins zone.
13:55 of 1st period - Minor Penalty to Greg Zanon for Slashing.
13:56 of 1st period - Marian Gaborik wins face-off versus Steven Stamkos in Coyotes zone.
15:17 of 1st period - Wrist shot by Zach Parise.
15:17 of 1st period - Stopped by Josh Tordjman without a rebound.
15:18 of 1st period - Steven Stamkos wins face-off versus Tyler Ennis in Penguins zone.
15:55 of 1st period - Penalty to Greg Zanon is over, Greg Zanon is back on ice.
15:57 of 1st period - Josh Gorges is hit by Andrew Cogliano and loses puck.
16:18 of 1st period - Wrist shot by Cal Clutterbuck.
16:18 of 1st period - Goal by Cal Clutterbuck - Coyotes : 0 - Penguins : 1.
16:19 of 1st period - Nazem Kadri wins face-off versus Steven Stamkos in neutral zone.
16:22 of 1st period - Steven Stamkos is hit by Zach Parise and loses puck.
16:29 of 1st period - Wrist shot by Steven Stamkos.
16:29 of 1st period - Shot Blocked by Marek Svatos.
16:31 of 1st period - Wrist shot by Duncan Keith.
16:31 of 1st period - Stopped by Maxime Daigneault with a rebound.
16:45 of 1st period - Loui Eriksson is hit by Tyler Ennis and loses puck.
16:56 of 1st period - Snap shot by Marian Gaborik.
16:56 of 1st period - Stopped by Josh Tordjman without a rebound.
16:57 of 1st period - Steven Stamkos wins face-off versus Brad Richards in Penguins zone.
17:43 of 1st period - Slapshot by Anton Stralman.
17:43 of 1st period - Stopped by Josh Tordjman without a rebound.
17:44 of 1st period - Sam Gagner wins face-off versus Brooks Laich in Penguins zone.
17:53 of 1st period - Wrist shot by Sam Gagner.
17:53 of 1st period - Deflect By Cal Clutterbuck.
17:53 of 1st period - Stopped by Maxime Daigneault with a rebound.
17:55 of 1st period - Slapshot by Keith Aulie.
17:55 of 1st period - Deflect By Cal Clutterbuck.
17:55 of 1st period - Shot Blocked by Anton Stralman.
17:55 of 1st period - Puck is out of play.
17:56 of 1st period - Brad Richards wins face-off versus Steven Stamkos in Coyotes zone.
18:07 of 1st period - Snap shot by Marian Gaborik.
18:07 of 1st period - Deflect By Brad Richards.
18:07 of 1st period - Stopped by Josh Tordjman with a rebound.
18:09 of 1st period - Wrist shot by Tyler Ennis.
18:09 of 1st period - Deflect By Brad Richards.
18:09 of 1st period - Stopped by Josh Tordjman with a rebound.
18:11 of 1st period - Snap shot by Marian Gaborik.
18:11 of 1st period - Stopped by Josh Tordjman with a rebound.
18:13 of 1st period - Wrist shot by Tyler Ennis.
18:13 of 1st period - Stopped by Josh Tordjman with a rebound.
19:05 of 1st period - Valtteri Filppula is hit by Cal Clutterbuck and loses puck.
19:30 of 1st period - Marian Gaborik is hit by Keith Aulie.
19:40 of 1st period - Anton Stralman is hit by Steven Stamkos and loses puck.
Goals for this period are 0 for Coyotes vs 1 for Penguins.
Shots for this period are 13 for Coyotes vs 12 for Penguins.

2nd period


0:01 of 2nd period - Brad Richards wins face-off versus Steven Stamkos in neutral zone.
0:13 of 2nd period - Icing by Sean Zimmerman.
0:14 of 2nd period - Brad Richards wins face-off versus Steven Stamkos in Penguins zone.
0:29 of 2nd period - Brad Richards is hit by Dion Phaneuf and loses puck.
0:42 of 2nd period - Slapshot by Steven Stamkos.
0:42 of 2nd period - Deflect By Jason Pominville.
0:42 of 2nd period - Shot Blocked by Anton Stralman.
0:42 of 2nd period - Puck is out of play.
0:43 of 2nd period - Mika Zibanejad wins face-off versus Nazem Kadri in Coyotes zone.
0:50 of 2nd period - Wrist shot by Loui Eriksson.
0:50 of 2nd period - Shot Blocked by Josh Gorges.
1:08 of 2nd period - Chad Larose is hit by Pascal Dupuis and loses puck.
2:24 of 2nd period - Snap shot by Nazem Kadri.
2:24 of 2nd period - Shot Misses the Net.
2:26 of 2nd period - Snap shot by Anton Stralman.
2:26 of 2nd period - Shot Blocked by Eric Gryba.
2:28 of 2nd period - Slapshot by Anton Stralman.
2:28 of 2nd period - Stopped by Josh Tordjman with a rebound.
2:46 of 2nd period - Eric Gryba is hit by Chad Larose and loses puck.
3:05 of 2nd period - Backhand shot by Pascal Dupuis.
3:05 of 2nd period - Stopped by Maxime Daigneault without a rebound.
3:06 of 2nd period - Nazem Kadri wins face-off versus Mika Zibanejad in Coyotes zone.
3:16 of 2nd period - Nazem Kadri is hit by Mika Zibanejad.
3:40 of 2nd period - Wrist shot by Marian Gaborik.
3:40 of 2nd period - Shot Misses the Net.
3:42 of 2nd period - Wrist shot by Brad Richards.
3:42 of 2nd period - Shot Blocked by Dion Phaneuf.
4:02 of 2nd period - Slapshot by Sam Gagner.
4:02 of 2nd period - Goal by Sam Gagner - Coyotes : 0 - Penguins : 2.
4:03 of 2nd period - Steven Stamkos wins face-off versus Brad Richards in neutral zone.
4:16 of 2nd period - Slapshot by Jason Pominville.
4:16 of 2nd period - Stopped by Maxime Daigneault without a rebound.
4:17 of 2nd period - Brad Richards wins face-off versus Steven Stamkos in Coyotes zone.
4:30 of 2nd period - Snap shot by Marian Gaborik.
4:30 of 2nd period - Stopped by Josh Tordjman without a rebound.
4:31 of 2nd period - Nazem Kadri wins face-off versus Jason Pominville in Penguins zone.
4:35 of 2nd period - Minor Penalty to Jason Pominville for Holding.
4:36 of 2nd period - Brad Richards wins face-off versus Steven Stamkos in Penguins zone.
4:38 of 2nd period - Snap shot by Marian Gaborik.
4:38 of 2nd period - Stopped by Josh Tordjman with a rebound.
4:40 of 2nd period - Slapshot by Anton Stralman.
4:40 of 2nd period - Shot Blocked by Steven Stamkos.
4:46 of 2nd period - Wrist shot by Tyler Ennis.
4:46 of 2nd period - Deflect By Brad Richards.
4:46 of 2nd period - Deflect By Dion Phaneuf.
4:46 of 2nd period - Shot Misses the Net.
4:46 of 2nd period - Puck is out of play.
4:47 of 2nd period - Brad Richards wins face-off versus Steven Stamkos in Penguins zone.
4:50 of 2nd period - Wrist shot by Marian Gaborik.
4:50 of 2nd period - Shot Misses the Net.
4:52 of 2nd period - Wrist shot by Tyler Ennis.
4:52 of 2nd period - Goal by Tyler Ennis - Coyotes : 1 - Penguins : 2.
4:53 of 2nd period - Brad Richards wins face-off versus Jason Pominville in neutral zone.
5:19 of 2nd period - Anton Stralman is hit by Dion Phaneuf and loses puck.
6:19 of 2nd period - Martin Samuelsson is hit by Marcus Foligno.
6:35 of 2nd period - Wrist shot by Tyler Ennis.
6:35 of 2nd period - Deflect By Brad Richards.
6:35 of 2nd period - Stopped by Josh Tordjman with a rebound.
7:14 of 2nd period - Slapshot by Duncan Keith.
7:14 of 2nd period - Shot Blocked by Josh Gorges.
7:16 of 2nd period - Snap shot by Duncan Keith.
7:16 of 2nd period - Shot Misses the Net.
7:18 of 2nd period - Slapshot by Keith Aulie.
7:18 of 2nd period - Shot Misses the Net.
7:29 of 2nd period - Icing by Greg Zanon.
7:30 of 2nd period - Sam Gagner wins face-off versus Brooks Laich in Coyotes zone.
7:33 of 2nd period - Snap shot by Cal Clutterbuck.
7:33 of 2nd period - Shot Misses the Net.
7:47 of 2nd period - Snap shot by Jason Pominville.
7:47 of 2nd period - Deflect By Steven Stamkos.
7:47 of 2nd period - Goal by Steven Stamkos - Coyotes : 1 - Penguins : 3.
7:48 of 2nd period - Brad Richards wins face-off versus Steven Stamkos in neutral zone.
7:54 of 2nd period - Off-side.
7:55 of 2nd period - Steven Stamkos wins face-off versus Brad Richards in neutral zone.
8:34 of 2nd period - Snap shot by Jason Pominville.
8:34 of 2nd period - Shot Misses the Net.
8:44 of 2nd period - Slapshot by Marian Gaborik.
8:44 of 2nd period - Stopped by Josh Tordjman without a rebound.
8:45 of 2nd period - Nazem Kadri wins face-off versus Mika Zibanejad in Penguins zone.
8:52 of 2nd period - Wrist shot by Marek Svatos.
8:52 of 2nd period - Shot Hit the Post.
8:54 of 2nd period - Snap shot by Marek Svatos.
8:54 of 2nd period - Stopped by Josh Tordjman without a rebound.
8:55 of 2nd period - Nazem Kadri wins face-off versus Mika Zibanejad in Penguins zone.
9:16 of 2nd period - Slapshot by Josh Gorges.
9:16 of 2nd period - Stopped by Josh Tordjman without a rebound.
9:17 of 2nd period - Steven Stamkos wins face-off versus Brad Richards in Penguins zone.
9:53 of 2nd period - Snap shot by Loui Eriksson.
9:53 of 2nd period - Stopped by Maxime Daigneault with a rebound.
10:09 of 2nd period - Martin Samuelsson is hit by Sam Gagner and loses puck.
10:16 of 2nd period - Wrist shot by Sam Gagner.
10:16 of 2nd period - Deflect By D.J King.
10:16 of 2nd period - Stopped by Maxime Daigneault without a rebound.
10:17 of 2nd period - Brad Richards wins face-off versus Steven Stamkos in Coyotes zone.
11:12 of 2nd period - Snap shot by D.J King.
11:12 of 2nd period - Stopped by Maxime Daigneault with a rebound.
11:14 of 2nd period - Slapshot by Duncan Keith.
11:14 of 2nd period - Stopped by Maxime Daigneault with a rebound.
11:16 of 2nd period - Slapshot by Keith Aulie.
11:16 of 2nd period - Shot Blocked by Chad Larose.
11:28 of 2nd period - Backhand shot by Josh Gorges.
11:28 of 2nd period - Shot Blocked by Keith Aulie.
11:54 of 2nd period - Snap shot by Tyler Ennis.
11:54 of 2nd period - Shot Hit the Post.
11:56 of 2nd period - Snap shot by Anton Stralman.
11:56 of 2nd period - Shot Misses the Net.
11:58 of 2nd period - Slapshot by Anton Stralman.
11:58 of 2nd period - Shot Misses the Net.
12:18 of 2nd period - Wrist shot by Marek Svatos.
12:18 of 2nd period - Shot Blocked by Andrew Cogliano.
12:28 of 2nd period - Snap shot by Brooks Laich.
12:28 of 2nd period - Stopped by Josh Tordjman without a rebound.
12:29 of 2nd period - Mika Zibanejad wins face-off versus Brooks Laich in Penguins zone.
12:38 of 2nd period - Snap shot by Brooks Laich.
12:38 of 2nd period - Shot Misses the Net.
12:40 of 2nd period - Slapshot by Anton Stralman.
12:40 of 2nd period - Stopped by Josh Tordjman with a rebound.
12:42 of 2nd period - Slapshot by Chad Larose.
12:42 of 2nd period - Stopped by Josh Tordjman with a rebound.
12:44 of 2nd period - Snap shot by Chad Larose.
12:44 of 2nd period - Shot Misses the Net.
13:01 of 2nd period - Tyler Ennis is hit by Cal Clutterbuck and loses puck.
13:13 of 2nd period - Icing by Tyler Ennis.
13:14 of 2nd period - Brad Richards wins face-off versus Riley Sheahan in Coyotes zone.
13:43 of 2nd period - Wrist shot by Steven Stamkos.
13:43 of 2nd period - Stopped by Maxime Daigneault without a rebound.
13:44 of 2nd period - Steven Stamkos wins face-off versus Brooks Laich in Coyotes zone.
13:47 of 2nd period - Snap shot by Jason Pominville.
13:47 of 2nd period - Stopped by Maxime Daigneault with a rebound.
14:30 of 2nd period - Slapshot by Loui Eriksson.
14:30 of 2nd period - Stopped by Maxime Daigneault with a rebound.
14:58 of 2nd period - Snap shot by Steven Stamkos.
14:58 of 2nd period - Shot Misses the Net.
15:00 of 2nd period - Wrist shot by Steven Stamkos.
15:00 of 2nd period - Goal by Steven Stamkos - Coyotes : 1 - Penguins : 4.
15:01 of 2nd period - Steven Stamkos wins face-off versus Brad Richards in neutral zone.
15:04 of 2nd period - Slapshot by Paul Ranger.
15:04 of 2nd period - Shot Blocked by Kristopher Letang.
15:06 of 2nd period - Snap shot by Paul Ranger.
15:06 of 2nd period - Deflect By Steven Stamkos.
15:06 of 2nd period - Goal by Steven Stamkos - Coyotes : 1 - Penguins : 5.
15:07 of 2nd period - Brad Richards wins face-off versus Steven Stamkos in neutral zone.
15:34 of 2nd period - Anton Stralman is hit by Loui Eriksson and loses puck.
15:44 of 2nd period - Snap shot by Marek Svatos.
15:44 of 2nd period - Shot Misses the Net.
16:35 of 2nd period - Marian Gaborik is hit by Jason Pominville and loses puck.
17:02 of 2nd period - Josh Gorges is hit by Sam Gagner and loses puck.
17:07 of 2nd period - Wrist shot by Sam Gagner.
17:07 of 2nd period - Shot Misses the Net.
17:37 of 2nd period - Snap shot by Tyler Ennis.
17:37 of 2nd period - Stopped by Josh Tordjman with a rebound.
17:39 of 2nd period - Slapshot by Josh Gorges.
17:39 of 2nd period - Stopped by Josh Tordjman without a rebound.
17:40 of 2nd period - Mika Zibanejad wins face-off versus Nazem Kadri in Penguins zone.
17:40 of 2nd period - Mika Zibanejad is hit by Kristopher Letang.
17:43 of 2nd period - Minor Penalty to Loui Eriksson for Holding.
17:44 of 2nd period - Steven Stamkos wins face-off versus Nazem Kadri in Penguins zone.
17:56 of 2nd period - Slapshot by Nazem Kadri.
17:56 of 2nd period - Stopped by Josh Tordjman with a rebound.
19:33 of 2nd period - Dion Phaneuf is hit by Brooks Laich.
19:43 of 2nd period - Penalty to Loui Eriksson is over, Loui Eriksson is back on ice.
19:44 of 2nd period - Icing by Brad Richards.
19:45 of 2nd period - Brad Richards wins face-off versus Mika Zibanejad in Coyotes zone.
19:56 of 2nd period - Wrist shot by Martin Samuelsson.
19:56 of 2nd period - Stopped by Josh Tordjman with a rebound.
Goals for this period are 1 for Coyotes vs 4 for Penguins.
Shots for this period are 15 for Coyotes vs 13 for Penguins.

3rd period


0:01 of 3rd period - Brad Richards wins face-off versus Steven Stamkos in neutral zone.
0:04 of 3rd period - Andrew Cogliano is hit by Brad Richards and loses puck.
0:46 of 3rd period - Cal Clutterbuck is hit by Brooks Laich and loses puck.
1:12 of 3rd period - Minor Penalty to Kristopher Letang for Hooking.
1:13 of 3rd period - Marian Gaborik wins face-off versus Steven Stamkos in Coyotes zone.
1:49 of 3rd period - Wrist shot by Loui Eriksson.
1:49 of 3rd period - Deflect By Josh Gorges.
1:49 of 3rd period - Goal by Loui Eriksson - Coyotes : 1 - Penguins : 6.
1:49 of 3rd period - Cam Ward enters game.
1:50 of 3rd period - Steven Stamkos wins face-off versus Nazem Kadri in neutral zone.
1:53 of 3rd period - Marek Svatos is hit by Sean Zimmerman and loses puck.
2:18 of 3rd period - Icing by Sean Zimmerman.
2:19 of 3rd period - Brad Richards wins face-off versus Mika Zibanejad in Penguins zone.
2:20 of 3rd period - Snap shot by Marian Gaborik.
2:20 of 3rd period - Shot Misses the Net.
2:52 of 3rd period - Slapshot by Mika Zibanejad.
2:52 of 3rd period - Shot Misses the Net.
3:17 of 3rd period - Snap shot by Dustin Brown.
3:17 of 3rd period - Shot Misses the Net.
3:19 of 3rd period - Slapshot by Keith Aulie.
3:19 of 3rd period - Stopped by Cam Ward with a rebound.
3:21 of 3rd period - Wrist shot by Duncan Keith.
3:21 of 3rd period - Stopped by Cam Ward with a rebound.
3:38 of 3rd period - Double Minor Penalty to Greg Zanon for High sticking.
3:39 of 3rd period - Steven Stamkos wins face-off versus Marian Gaborik in Coyotes zone.
6:00 of 3rd period - Snap shot by Steven Stamkos.
6:00 of 3rd period - Stopped by Cam Ward with a rebound.
6:02 of 3rd period - Snap shot by Duncan Keith.
6:02 of 3rd period - Shot Misses the Net.
6:04 of 3rd period - Wrist shot by Steven Stamkos.
6:04 of 3rd period - Stopped by Cam Ward with a rebound.
7:38 of 3rd period - Penalty to Greg Zanon is over, Greg Zanon is back on ice.
8:10 of 3rd period - Icing by Thomas Hickey.
8:11 of 3rd period - Mika Zibanejad wins face-off versus Tyler Ennis in Coyotes zone.
8:22 of 3rd period - Snap shot by Tyler Ennis.
8:22 of 3rd period - Stopped by Josh Tordjman with a rebound.
8:24 of 3rd period - Snap shot by Thomas Hickey.
8:24 of 3rd period - Shot Misses the Net.
8:26 of 3rd period - Snap shot by Zach Parise.
8:26 of 3rd period - Deflect By Tyler Ennis.
8:26 of 3rd period - Stopped by Josh Tordjman without a rebound.
8:27 of 3rd period - Sam Gagner wins face-off versus Marian Gaborik in Penguins zone.
8:29 of 3rd period - Minor Penalty to Dion Phaneuf for Roughing.
8:30 of 3rd period - Brad Richards wins face-off versus Riley Sheahan in Penguins zone.
8:32 of 3rd period - Snap shot by Tyler Ennis.
8:32 of 3rd period - Shot Blocked by Sean Zimmerman.
8:38 of 3rd period - Slapshot by Marian Gaborik.
8:38 of 3rd period - Shot Misses the Net.
9:00 of 3rd period - Sean Zimmerman is hit by Marek Svatos and loses puck.
10:29 of 3rd period - Penalty to Dion Phaneuf is over, Dion Phaneuf is back on ice.
11:04 of 3rd period - Chris Stewart is hit by Dustin Brown.
11:29 of 3rd period - Martin Samuelsson is hit by Loui Eriksson and loses puck.
11:36 of 3rd period - Eric Gryba is hit by Michael Del Zotto and loses puck.
11:41 of 3rd period - Snap shot by Chris Stewart.
11:41 of 3rd period - Stopped by Josh Tordjman without a rebound.
11:42 of 3rd period - Riley Sheahan wins face-off versus Nazem Kadri in Penguins zone.
11:53 of 3rd period - Snap shot by Riley Sheahan.
11:53 of 3rd period - Shot Misses the Net.
11:55 of 3rd period - Wrist shot by Pascal Dupuis.
11:55 of 3rd period - Shot Blocked by Nazem Kadri.
12:16 of 3rd period - Anton Stralman is hit by D.J King and loses puck.
12:37 of 3rd period - Minor Penalty to Kristopher Letang for Holding.
12:38 of 3rd period - Steven Stamkos wins face-off versus Marian Gaborik in Coyotes zone.
14:37 of 3rd period - Penalty to Kristopher Letang is over, Kristopher Letang is back on ice.
14:45 of 3rd period - Slapshot by Kristopher Letang.
14:45 of 3rd period - Shot Blocked by Duncan Keith.
15:08 of 3rd period - Sam Gagner is hit by Chad Larose and loses puck.
15:15 of 3rd period - Sam Gagner is hit by Anton Stralman and loses puck.
15:45 of 3rd period - Brad Richards is hit by Steven Stamkos and loses puck.
16:20 of 3rd period - Snap shot by Brooks Laich.
16:20 of 3rd period - Shot Misses the Net.
16:22 of 3rd period - Snap shot by Ryane Clowe.
16:22 of 3rd period - Goal by Ryane Clowe - Coyotes : 2 - Penguins : 6.
16:23 of 3rd period - Brad Richards wins face-off versus Steven Stamkos in neutral zone.
16:40 of 3rd period - Snap shot by Andrew Cogliano.
16:40 of 3rd period - Shot Blocked by Kristopher Letang.
16:59 of 3rd period - Snap shot by Marian Gaborik.
16:59 of 3rd period - Stopped by Josh Tordjman without a rebound.
17:00 of 3rd period - Steven Stamkos wins face-off versus Nazem Kadri in Penguins zone.
18:05 of 3rd period - Snap shot by Riley Sheahan.
18:05 of 3rd period - Stopped by Cam Ward without a rebound.
18:06 of 3rd period - Valtteri Filppula wins face-off versus Riley Sheahan in Coyotes zone.
18:06 of 3rd period - Valtteri Filppula is hit by Keith Aulie.
18:29 of 3rd period - Wrist shot by Martin Samuelsson.
18:29 of 3rd period - Stopped by Josh Tordjman with a rebound.
18:32 of 3rd period - Icing by Keith Aulie.
18:33 of 3rd period - Riley Sheahan wins face-off versus Brad Richards in Penguins zone.
18:50 of 3rd period - Wrist shot by Marian Gaborik.
18:50 of 3rd period - Shot Misses the Net.
19:02 of 3rd period - Nazem Kadri is hit by Keith Aulie and loses puck.
19:09 of 3rd period - Wrist shot by Steven Stamkos.
19:09 of 3rd period - Shot Misses the Net.
19:13 of 3rd period - Slapshot by Steven Stamkos.
19:13 of 3rd period - Shot Misses the Net.
19:31 of 3rd period - Wrist shot by Ryane Clowe.
19:31 of 3rd period - Deflect By Chad Larose.
19:31 of 3rd period - Stopped by Josh Tordjman with a rebound.
19:39 of 3rd period - Minor Penalty to Brooks Laich for Hooking.
19:40 of 3rd period - Marian Gaborik wins face-off versus Steven Stamkos in Coyotes zone.
Goals for this period are 1 for Coyotes vs 1 for Penguins.
Shots for this period are 7 for Coyotes vs 6 for Penguins.